 Dungeon Crawl Stone Soup version 0.27-a0-96-gb51a1d6fd6 (webtiles) character file.

Game seed: 3309683445971110226

1176 kae the Insei (level 8, -1/64 HPs)
             Began as a Demonspawn Monk on Jan 19, 2021.
             Was a Believer of Wu Jian.
             Succumbed to a killer bee's poison
             ... on level 6 of the Dungeon.
             The game lasted 00:03:56 (7434 turns).

kae the Insei (Demonspawn Monk)                     Turns: 7434, Time: 00:03:57

Health: -1/64      AC: 13    Str: 13    XL:     8   Next: 18%
Magic:  0/8        EV:  7    Int: 11    God:    Wu Jian [**....]
Gold:   238        SH:  0    Dex: 17    Spells: 7/7 levels left

rFire    . . .     SeeInvis .     - Unarmed
rCold    + . .     Faith    .   (no shield)
rNeg     . . .     Spirit   +   k - +2 chain mail {rC+}
rPois    .         Reflect  .   g - +1 hat
rElec    .         Harm     .   i - +0 cloak
rCorr    .         Rampage  .   (no gloves)
Will     .....                  (no boots)
Stlth    ..........             (no amulet)
HPRegen  0.20/turn              (no ring)
MPRegen  0.22/turn              (no ring)

@: lethally poisoned (-1 -> -27), about to teleport
A: antennae 2, rugged brown scales 1, magic shield, magic regeneration, miasma
immunity
a: Renounce Religion, Wall Jump


You were on level 6 of the Dungeon.
You worshipped Wu Jian.
Wu Jian was pleased with you.
You visited 2 branches of the dungeon, and saw 8 of its levels.

You collected 448 gold pieces.
You spent 210 gold pieces at shops.

Inventory:

Armour
 g - a +1 hat (worn)
 i - a +0 cloak (worn)
 k - a +2 chain mail of cold resistance (worn)
Scrolls
 d - a scroll of teleportation
 h - 2 scrolls of amnesia
 m - a scroll of enchant weapon
 n - a scroll of blinking {unknown}
Potions
 a - a potion of attraction {unknown}
 b - a potion of ambrosia
 c - a potion of heal wounds
 e - 2 potions of invisibility
 f - a potion of curing
 j - a potion of mutation
 l - 2 potions of degeneration


   Skills:
 + Level 5.6 Fighting
 + Level 5.1 Dodging
 - Level 1.7 Stealth
 * Level 6.9 Unarmed Combat
 + Level 0.4 Spellcasting


You had 7 spell levels left.
You didn't know any spells.
Your spell library was empty.

Dungeon Overview and Level Annotations

Branches:
Dungeon (7/15)             Temple (1/1) D:4

Altars:
Ashenzari
Cheibriados
Dithmenos
Fedhas
Gozag
Kikubaaqudgha
Makhleb
Okawaru
Ru
Trog
Uskayaw
Vehumet
Wu Jian
Xom
Yredelemnul
Zin
The Shining One

Shops:
D:4 [   D:5 [*   D:6 *


Innate Abilities, Weirdness & Mutations

You have a pair of antennae on your head.
You are partially covered in rugged brown scales. (AC +1, +3% HP)
When hurt, damage is shared between your health and your magic reserves.
You regenerate magic rapidly.
You are immune to miasma.


Message History

The killer bee stings you but does no damage. x4
You miss the killer bee.
The killer bee is heavily wounded.
* * * LOW HITPOINT WARNING * * *
You feel sick. The killer bee stings you.
* * * LOW HITPOINT WARNING * * *
You are more poisoned.
The killer bee poisons you! The killer bee stings you.
* * * LOW HITPOINT WARNING * * *
The killer bee stings you but does no damage.
The killer bee barely misses you.
You miss the killer bee.
The killer bee is heavily wounded.
* * * LOW HITPOINT WARNING * * *
You feel sick. The killer bee misses you. The killer bee stings you.
* * * LOW HITPOINT WARNING * * *
The killer bee stings you but does no damage. x2
You miss the killer bee.
The killer bee is heavily wounded.
You die...

###.# #####.#.##.#.######..#.
....## #........#÷..........#.
8.8.8# #.###.#..#.#.#####.....
.⌠.⌠.# #.# #.#..#.#.# ###.##
8.∩.8# #.# #........## #)#
.⌠.⌠.######.# ####...#..# ##.##
8.8.8.......# #..###.# #...#
......#.###########..#..# #...#
..>...<.......##@yJ....## #....
..............##y####.#######...#
).............##..###.###........
.........[.(.....................
....###.......##...##.###........
#.### #.......##...##.# #####...#
#.# #......>##......# #....
#.##############...#..# #...#
#.##...#########.#.#.## #...#


You could see a jelly and 2 killer bees.

Vanquished Creatures
  An ice beast (D:5)
  2 black bears
  A centaur (D:6)
  An ogre (D:5)
  A bullfrog (D:6)
  2 killer bees (D:6)
  A howler monkey (D:6)
  A jelly (D:6)
  2 hounds
  A bullfrog skeleton (D:5)
  An orc priest (D:3)
  4 orc wizards
  Jessica (D:2)
  A worker ant (D:5)
  A hound skeleton (D:6)
  Robin (D:4)
  4 adders
  2 gnolls (D:3)
  A shadow imp (D:5)
  3 white imps
  An ufetubus (D:5)
  An adder zombie (D:5)
  An adder skeleton (D:4)
  A worm (D:6)
  3 dart slugs
  5 leopard geckos
  14 orcs
  A ball python (D:4)
  7 bats
  8 giant cockroaches
  13 goblins
  10 hobgoblins
  4 jackals (D:3)
  7 kobolds
  A quokka (D:4)
  4 frilled lizards
  A jackal skeleton (D:5)
  A quokka zombie (D:5)
  10 rats
125 creatures vanquished.

Notes
Turn   | Place    | Note
-------+----------+-------------------------------------------
     0 | D:1      | kae the Demonspawn Monk began the quest for the Orb.
     0 | D:1      | Reached XP level 1. HP: 18/18 MP: 1/1
    69 | D:1      | Reached skill level 3 in Unarmed Combat
   164 | D:1      | Gained mutation: You have a pair of small antennae on your
                  | head. [demonic ancestry]
   164 | D:1      | Reached XP level 2. HP: 24/24 MP: 2/2
  1048 | D:2      | Gained mutation: You are partially covered in rugged brown
                  | scales. (AC +1, +3% HP) [demonic ancestry]
  1048 | D:2      | Reached XP level 3. HP: 24/29 MP: 3/3
  1387 | D:2      | Noticed Jessica
  1393 | D:2      | Killed Jessica
  1677 | D:2      | Reached XP level 4. HP: 36/36 MP: 4/4
  2348 | D:3      | Reached skill level 4 in Unarmed Combat
  2530 | D:3      | Found an iron altar of Okawaru.
  2535 | D:3      | Gained mutation: You have a pair of antennae on your head.
                  | [demonic ancestry]
  2535 | D:3      | Reached XP level 5. HP: 35/43 MP: 5/5
  2812 | D:3      | Found a glowing silver altar of Zin.
  3183 | D:4      | Identified the +1 helmet "Digy" {Int+4}
  3183 | D:4      | Noticed Robin
  3571 | D:4      | Killed Robin
  3957 | D:4      | Found Fyagg's Armour Shop.
  4029 | D:4      | Gained mutation: When hurt, damage is shared between your
                  | health and your magic reserves. [demonic ancestry]
  4029 | D:4      | Reached XP level 6. HP: 49/49 MP: 6/6
  4194 | D:4      | Found a staircase to the Ecumenical Temple.
  4346 | Temple   | Entered the Ecumenical Temple
  4434 | Temple   | Became a worshipper of the Wu Jian Council
  4434 | Temple   | Reached * piety under Wu Jian
  4434 | Temple   | Reached ** piety under Wu Jian
  4532 | D:4      | Found a radiant altar of Vehumet.
  5012 | D:5      | Entered Level 5 of the Dungeon
  5028 | D:5      | Reached skill level 5 in Unarmed Combat
  5516 | D:5      | Gained mutation: You are immune to miasma. [demonic
                  | ancestry]
  5516 | D:5      | Reached XP level 7. HP: 46/56 MP: 4/7
  5577 | D:5      | Found Yfetehux's Antique Armour Boutique.
  5592 | D:5      | Bought a glowing chain mail for 210 gold pieces
  5703 | D:5      | Found Zefuleq's Lightly-Used Armoury.
  6088 | D:6      | Reached skill level 5 in Fighting
  6088 | D:6      | Reached skill level 6 in Unarmed Combat
  6637 | D:6      | Reached skill level 5 in Dodging
  6637 | D:6      | Gained mutation: You regenerate magic rapidly. [demonic
                  | ancestry]
  6637 | D:6      | Reached XP level 8. HP: 50/64 MP: 8/8
  6932 | D:6      | Found Orotuth's General Store.
  7198 | D:6      | HP: 3/64 [killer bee (1)]
  7433 | D:6      | HP: 2/64 [poisoned by a killer bee]
  7434 | D:6      | Succumbed to a killer bee's poison

Illustrated notes

Levels and vault maps discovered:
D:1:      dpeg_arrival_line_fractal, layout_loops_cross, minmay_misc_feat_iff
D:2:      layout_loops_ring, guppyfry_early_lair_pool, uniq_jessica
D:3:      layout_loops_cross, general_overflow_altar, roderic_malta_cross,
          okawaru_altar_gauntlet_db
D:4:      layout_layer_cave, nicolae_overflow_hidden_temple, temple_fountains,
          serial_shops, shop, uniq_robin
D:5:      layout_rooms, serial_shops, nicolae_shop_statue_plus,
          minmay_shop_damaged
D:6:      layout_loops_cross, serial_shops,
          nicolae_shop_temple_entry_statues_fountains, grunt_decor_resistance
D:7:      layout_basic, corexii_corridor_pit
Temple:   zaba_magenta_temple

Skill      XL: |  1  2  3  4  5  6  7 |
---------------+----------------------+-----
Unarmed Combat | 3 4 5 6 |  6.9
Dodging        | 3 4 5 |  5.1
Fighting       | 4 5 |  5.6
Stealth        | |  1.7
Spellcasting   | |  0.4

Action                   |  1- 3 |  4- 6 |  7- 9 || total
-------------------------+-------+-------+-------++-------
Melee: Unarmed           |   131 |   327 |   217 ||   675
       Punch             |     4 |    14 |     4 ||    22
Invok: Lunge             |       |     3 |     6 ||     9
       Whirlwind         |       |       |     2 ||     2
  Use: Scroll            |     2 |     8 |     1 ||    11
       Potion            |       |     1 |     2 ||     3
 Stab: Sleeping          |     6 |     3 |       ||     9
Armor: Robe              |    27 |    86 |     1 ||   114
       Chain mail        |       |       |   168 ||   168
Dodge: Dodged            |    90 |   292 |    97 ||   479

Table legend: (Time is in decaauts)
 A = Elapsed time spent in this place.
 B = Non-inter-level travel time spent in this place.
 C = Inter-level travel time spent in this place.
 D = Time resting spent in this place.
 E = Time spent auto-exploring this place.
 F = Levels seen in this place.
 G = Mean time per level.
                   A        B        C        D        E       F      G
               +--------+--------+--------+--------+--------+-----+--------+
         Total |   7391 |   7147 |    244 |   1906 |   4167 |   8 |  923.9 |
       Dungeon |   7289 |   7088 |    201 |   1906 |   4110 |   7 | 1041.3 |
        Temple |    101 |     59 |     42 |      0 |     57 |   1 |  101.0 |
               +--------+--------+--------+--------+--------+-----+--------+

Top non-repeatable levels by time:
     D:3: 1538 daAuts
     D:6: 1392 daAuts
     D:4: 1301 daAuts
     D:1: 1038 daAuts
     D:2: 1018 daAuts
     D:5: 987 daAuts
  Temple: 101 daAuts
     D:7: 13 daAuts
